 Dungeon Crawl Stone Soup version 0.31.0-11-ge490571c62 (webtiles) character file.

Game seed: 973011935575758285

195 qw the Shooter (level 5, -3/26 HPs)
             Began as a Spriggan Hunter on Feb 4, 2024.
             Slain by a gnoll
             ... wielding a +0 flail
              (6 damage)
             ... on level 4 of the Dungeon.
             The game lasted 00:00:08 (2552 turns).

qw the Shooter (Spriggan Hunter)                    Turns: 2552, Time: 00:00:09

Health: -3/26      AC:  4    Str:  9    XL:     5   Next: 45%
Magic:  6/6        EV: 10    Int: 11    God:
Gold:   181        SH:  0    Dex: 20    Spells: 4/4 levels left

rFire   + . .        a - +3 shortbow
rCold   . . .        (shield currently unavailable)
rNeg    . . .        i - +2 robe "Pahaipn" {rF+ Regen+ Str+2 Slay+3}
rPois   .            (helmet restricted)
rElec   .            (no cloak)
rCorr   .            (gloves unavailable)
SInv    +            (boots unavailable)
Will    .....        h - amulet of regeneration
Stlth   ++           (no ring)
HPRegen 1.84/turn    (no ring)
MPRegen 0.10/turn

%: no passive effects
@: about to teleport, held, very quick
A: very small, no large weapons, unfitting armour, see invisible, speed 3
a: no special abilities


You were on level 4 of the Dungeon.
You visited 1 branch of the dungeon, and saw 4 of its levels.

You collected 181 gold pieces.


Innate Abilities, Weirdness & Mutations

You are very small and have problems with some larger weapons.
You are too small for most types of armour.
You have supernaturally acute eyesight. (SInv)
You cover ground extremely quickly. (Speed+++)


   Skills:
 - Level 2.2 Fighting
 + Level 5.5 Ranged Weapons
 - Level 5.0 Dodging
 - Level 1.5 Stealth


You had 4 spell levels left.
You didn't know any spells.
Your spell library was empty.

Inventory:

Hand Weapons
 a - a +3 shortbow (weapon)
Armour
 i - the +2 robe "Pahaipn" (worn) {rF+ Regen+ Str+2 Slay+3}
   (You acquired it on level 3 of the Dungeon)

   Str+2:     It affects your strength (+2).
   Slay+3:    It affects your accuracy & damage with ranged weapons and melee
   (+3).
   rF+:       It protects you from fire.
   Regen+:    It increases your rate of health regeneration.
Jewellery
 h - an amulet of regeneration (around neck)
Wands
 m - a wand of flame (18)
Potions
 b - a potion of heal wounds
 d - a potion of invisibility {unknown}
 e - a potion of resistance {unknown}
 f - a potion of curing
 g - a potion of haste
 n - a potion of might {unknown}
 o - a potion of lignification {unknown}

Dungeon Overview and Level Annotations

Branches:
Dungeon (4/15)
 Temple: D:4-7

Altars:
Fedhas

Shops:
D:2 (


Message History

You climb upwards.
There is a stone staircase leading down here.
You shoot an arrow. The arrow hits the giant cockroach.
The giant cockroach is severely wounded.
The goblin completely misses you. The giant cockroach misses you.
You shoot an arrow.
The arrow hits the giant cockroach but does no damage.
The giant cockroach is severely wounded.
The giant cockroach completely misses you.
The goblin misses you.
You shoot an arrow. The arrow hits the giant cockroach!
You kill the giant cockroach!
The goblin closely misses you.
You shoot an arrow. The arrow closely misses the goblin.
The goblin completely misses you.
You shoot an arrow. The arrow hits the goblin.
The goblin is severely wounded.
The goblin closely misses you. The goblin barely misses you.
You shoot an arrow. The arrow hits the goblin!
You kill the goblin!
You climb downwards.
The gnoll throws a throwing net.
The throwing net hits you.
You become entangled in the net!
There is a stone staircase leading up here.
You see here a throwing net.
You struggle against the net.
You struggle against the net.
The gnoll hits you from afar with a +0 spear.
The gnoll hits you with a +0 flail.
You struggle against the net.
The gnoll hits you from afar with a +0 spear.
The gnoll hits you with a +0 flail.
You struggle against the net.
The gnoll hits you from afar with a +0 spear!
The gnoll hits you with a +0 flail.
2552 ||| READING scroll of teleportation.
As you read the scroll of teleportation, it crumbles to dust.
You feel strangely unstable.
The gnoll hits you from afar with a +0 spear.
The gnoll hits you with a +0 flail.
You die...

#..##
#..g#####
#.......##.
#..........
#........#
##.......#
#.....g..#
#.@g...#
#......#
#######..#
#


You could see 3 gnolls.

Vanquished Creatures
  Jessica (D:3)
  Natasha (thrice) (D:3)
  An adder (D:2)
  4 dart slugs
  A ribbon worm (D:3)
  7 endoplasms
  3 giant cockroaches
  10 hobgoblins
  4 jackals (D:1)
  8 kobolds
  2 quokkas (D:1)
  2 ball pythons
  6 bats
  3 frilled lizards (D:1)
  10 goblins
  7 rats
72 creatures vanquished.

Notes
Turn   | Place    | Note
-------+----------+-------------------------------------------
     0 | D:1      | qw the Spriggan Hunter began the quest for the Orb.
     0 | D:1      | Reached XP level 1. HP: 10/10 MP: 2/2
     0 | D:1      | 0 ||| qw: Version: 0.3-a-160-g6735b56
     0 | D:1      | 0 ||| qw: Game counter: 4850
     0 | D:1      | 0 ||| qw: Melee chars always use a shield: true
     0 | D:1      | 0 ||| qw: God list: Okawaru
     0 | D:1      | 0 ||| qw: Allow faded altars: false
     0 | D:1      | 0 ||| qw: Do Orc after clearing Dungeon:15 true
     0 | D:1      | 0 ||| qw: Do second Lair branch before Depths: true
     0 | D:1      | 0 ||| qw: Lair rune preference: random
     0 | D:1      | 0 ||| qw: Goals: Normal
     0 | D:1      | 0 ||| PLANNING D:1-11
    53 | D:1      | Reached skill level 3 in Dodging
   211 | D:1      | Reached XP level 2. HP: 14/14 MP: 3/3
   329 | D:1      | Reached XP level 3. HP: 11/18 MP: 4/4
   330 | D:1      | HP: 4/18 [dart slug/slug dart (4)]
   882 | D:1      | Found a faded altar of an unknown god.
   933 | D:1      | 933 ||| READING 2 scrolls labelled ODDUMU LOACZAR.
   933 | D:1      | 933 ||| IDENTIFYING emerald potion
   934 | D:1      | 934 ||| READING scroll of identify.
   934 | D:1      | 934 ||| IDENTIFYING smoky purple potion
   935 | D:1      | 935 ||| READING scroll labelled QAG SOLAGIU.
   936 | D:1      | 936 ||| READING scroll labelled ROMECA WIGOOS.
  1037 | D:1      | 1037 ||| DRINKING 2 sedimented cyan potions.
  1038 | D:1      | 1038 ||| DROPPING scroll of butterflies.
  1039 | D:1      | 1039 ||| DROPPING potion of magic.
  1443 | D:2      | Found Fohik's Weapon Boutique.
  1537 | D:2      | Reached XP level 4. HP: 22/22 MP: 5/5
  1896 | D:3      | Noticed Jessica
  1898 | D:3      | Killed Jessica
  2059 | D:3      | Found a blossoming altar of Fedhas.
  2193 | D:3      | Noticed Natasha
  2196 | D:3      | 2196 ||| DRINKING 2 potions of haste.
  2199 | D:3      | Killed Natasha
  2200 | D:3      | Reached XP level 5. HP: 23/26 MP: 6/6
  2245 | D:3      | Noticed Natasha
  2250 | D:3      | Killed Natasha
  2363 | D:3      | Noticed Natasha
  2379 | D:3      | Killed Natasha
  2501 | D:3      | 2501 ||| UPGRADING to amulet of regeneration.
  2506 | D:3      | 2506 ||| READING scroll of identify.
  2506 | D:3      | 2506 ||| IDENTIFYING yellow potion
  2507 | D:3      | 2507 ||| READING 3 scrolls labelled IQA WAENISYL.
  2507 | D:3      | 2507 ||| ENCHANTING +0 shortbow.
  2508 | D:3      | 2508 ||| READING 2 scrolls of enchant weapon.
  2508 | D:3      | 2508 ||| ENCHANTING +1 shortbow.
  2509 | D:3      | 2509 ||| READING scroll of enchant weapon.
  2509 | D:3      | 2509 ||| ENCHANTING +2 shortbow.
  2510 | D:3      | 2510 ||| READING 2 scrolls labelled XESONA RAG.
  2515 | D:3      | 2515 ||| READING scroll labelled FUISUCZI NULYS.
  2515 | D:3      | Identified a scroll of acquirement
  2515 | D:3      | 2515 ||| ACQUIRING +2 robe "Pahaipn" {rF+ Regen+ Str+2
                  | Slay+3}
  2515 | D:3      | Acquired the +2 robe "Pahaipn" {rF+ Regen+ Str+2 Slay+3}
  2517 | D:3      | 2517 ||| UPGRADING to +2 robe "Pahaipn" {rF+ Regen+ Str+2
                  | Slay+3}.
  2527 | D:3      | 2527 ||| DROPPING +0 robe.
  2532 | D:4      | 2532 ||| STAIRDANCE
  2538 | D:4      | 2538 ||| STAIRDANCE
  2551 | D:4      | HP: 6/26 [gnoll/+0 flail (1)]
  2552 | D:4      | 2552 ||| READING scroll of teleportation.
  2552 | D:4      | Slain by a gnoll

Levels and vault maps discovered:
D:1:      amcnicky_arrival_feature_with_door, layout_loops_ring, serial_bayou,
          serial_bayou_pond_c, serial_bayou_ford_a, serial_bayou_pond_b,
          serial_bayou_shore_b, shapermc_ecumenical_altar_petra
D:2:      layout_basic, serial_shops, nicolae_shop_bloodbath_and_beyond
D:3:      layout_rooms, fedhas_altar_4, uniq_natasha, uniq_jessica
D:4:      layout_rooms, kennysheep_little_box, serial_curves, eino_curves_04,
          eino_curves_04, hangedman_abyss_or_decor_stabs, kennysheep_potato,
          uniq_grinder, uniq_menkaure

Skill      XL: |  1  2  3  4 |
---------------+-------------+-----
Dodging        | 3 4 5 |  5.0
Ranged Weapons | 5 |  5.5
Fighting       | 2 |  2.2
Stealth        | |  1.5

Action                     |  1- 3 |  4- 6 || total
---------------------------+-------+-------++-------
   Fire: Shortbow          |   111 |    85 ||   196
    Use: Scroll            |     4 |     7 ||    11
         Potion            |     1 |     1 ||     2
 Armour: Robe              |    10 |    16 ||    26
  Dodge: Dodged            |    33 |    34 ||    67

Table legend:
 A = Non-vault XP
 B = Vault XP
 C = Vault XP percentage of total XP
 D = Non-vault monster count
 E = Vault monster count
 F = Vault count percentage of total count
                 A         B        C        D         E       F
            +---------+---------+-------+---------+---------+-------
      Total |     198 |      81 |  29.0 |      66 |       6 |   8.3
            +---------+---------+-------+---------+---------+-------
        D:1 |      48 |       7 |  12.7 |      28 |       4 |  12.5
        D:2 |      51 |       0 |   0.0 |      20 |       0 |   0.0
        D:3 |      99 |      74 |  42.8 |      18 |       2 |  10.0
            +---------+---------+-------+---------+---------+-------
